 Dungeon Crawl Stone Soup version 0.24-a0-140-gcaa6c10 (webtiles) character file.

Game seed: 3742747155274643273

25 Lanoc the Charmwright (level 3, 0/27 HPs)
             Began as a Vine Stalker Skald on Mar 4, 2019.
             Succumbed to an adder's poison
             ... on level 2 of the Dungeon.
             The game lasted 00:01:25 (651 turns).

Lanoc the Charmwright (Vine Stalker Skald)           Turns: 651, Time: 00:01:26

Health: 0/27       AC: 21    Str: 14    XL:     3   Next: 4%
Magic:  4/7        EV:  2    Int: 13    God:
Gold:   54         SH:  0    Dex: 15    Spells: 5/6 levels left

rFire    . . .     SeeInvis .   a - +0 falchion
rCold    . . .     Gourm    .   (no shield)
rNeg     + + +     Faith    .   (armour currently unavailable)
rPois    +         Spirit   +   (helmet currently unavailable)
rElec    .         Reflect  .   (cloak currently unavailable)
rCorr    .         Harm     .   (gloves currently unavailable)
MR       .....     NoTele   +   (boots currently unavailable)
Stlth    +.........             (no amulet)
HPRegen  0.09/turn              f - +2 ring of dexterity
MPRegen  0.10/turn              (no ring)

@: lethally poisoned (0 -> -6), tree-form, hasted, very quick
A: magic shield, no potion heal 3, rot immunity
a: no special abilities


You were on level 2 of the Dungeon.
You were not hungry.
You were a tree.
You visited 1 branch of the dungeon, and saw 2 of its levels.

You collected 54 gold pieces.

Inventory:

Hand Weapons
 a - a +0 falchion (weapon)
Armour
 b - a +0 leather armour (melded)
Jewellery
 f - a +2 ring of dexterity (left branch)
Scrolls
 e - a scroll of magic mapping {unknown}
 g - 4 scrolls of remove curse {unknown}
 i - a scroll of noise {unknown}
 j - a scroll of identify {unknown}
Potions
 h - 2 potions of haste
Comestibles
 d - 3 rations
 k - 2 chunks of flesh


   Skills:
 + Level 2.0 Fighting
 * Level 2.1 Long Blades
 + Level 1.0 Armour
 + Level 1.7 Dodging
 + Level 2.3 Spellcasting
 * Level 3.3 Charms


You had 5 spell levels left.
You knew the following spells:

 Your Spells              Type           Power        Failure   Level  Hunger
a - Infusion              Chrm           ##..         6%          1    #......

Your spell library contained the following spells:

 Spells                   Type           Power        Failure   Level  Hunger
 Song of Slaying          Chrm           ##......     10%         2    ###....
 Shroud of Golubria       Chrm/Tloc      #.........   19%         2    ###....
 Regeneration             Chrm/Necr      #.........   36%         3    ###....
 Spectral Weapon          Hex/Chrm       #.......     36%         3    ###....


Dungeon Overview and Level Annotations

Branches:
Dungeon (2/15)

Altars:


Innate Abilities, Weirdness & Mutations

((You have extremely sharp teeth.))
When hurt, damage is shared between your health and your magic reserves.
((Your bite disrupts and absorbs the magic of your enemies.))
Potions cannot restore your health.
You are immune to rotting.


Message History

Your experience leads to an increase in your attributes!
Your base attributes are Str 13, Int 13, Dex 13.
Increase (S)trength, (I)ntelligence, or (D)exterity?
You feel stronger.
* * * LOW HITPOINT WARNING * * *
You feel sick.
It was a potion of haste.
You feel yourself speed up.
* * * LOW HITPOINT WARNING * * *
You feel sick.
It was a potion of lignification.
You turn into a tree.
Your +0 leather armour melds into your body.
Your roots penetrate the ground.
There is a lethal amount of poison in your body!
* * * LOW HITPOINT WARNING * * *
You feel sick.
* * * LOW HITPOINT WARNING * * *
You feel sick.
* * * LOW HITPOINT WARNING * * *
You feel sick.
You die...

##$!## ##.#$... #
..#.#....
##.########.#.#... ..
..#...<.....#.#.#..$ .#
............#.#.#..##.#
###...###...#.#[#...#.#
#...#####.#.#.##..#.#
#...........#.♣.÷.#.#
#...........####%##.###...
#....^......S.............
............####.###......
................##......
........#..###..........
...#.#.###.# #.#######..
..#.#. .. #.# . # #. #.
...


There were no monsters in sight!

Vanquished Creatures
  An adder (D:2)
  A dart slug (D:2)
  2 hobgoblins (D:1)
  3 jackals (D:2)
  2 kobolds (D:1)
  A bat (D:2)
  2 frilled lizards (D:1)
  2 rats (D:2)
14 creatures vanquished.

Notes
Turn   | Place    | Note
-------+----------+-------------------------------------------
     0 | D:1      | Lanoc the Vine Stalker Skald began the quest for the Orb.
     0 | D:1      | Reached XP level 1. HP: 11/11 MP: 4/4
   489 | D:1      | Reached XP level 2. HP: 15/15 MP: 6/6
   640 | D:2      | Reached skill level 1 in Armour
   640 | D:2      | Reached XP level 3. HP: 4/18 MP: 3/7
   648 | D:2      | HP: 1/27 [poisoned by an adder]
   651 | D:2      | Succumbed to an adder's poison

Levels and vault maps discovered:
D:1:      matt_arrival_grand_opening, layout_loops_corners,
          minmay_tree_intersection
D:2:      layout_basic, st_stairs_8

Skill      XL: |  1  2 |
---------------+-------+-----
Long Blades    | 2 |  2.1
Fighting       | 2 |  2.0
Armour         | 1 |  1.0
Dodging        | |  1.7
Spellcasting   | |  2.3
Charms         | |  3.3

Action                   || total
-------------------------++-------
Melee: Falchion          ||    54
       Bite              ||    13
  Use: Potion            ||     2
Armor: Leather armour    ||    20
Dodge: Dodged            ||    43
       Rpst.: Falchion   ||    13

Table legend:
 A = Non-vault XP
 B = Vault XP
 C = Vault XP percentage of total XP
 D = Non-vault monster count
 E = Vault monster count
 F = Vault count percentage of total count
                 A         B        C        D         E       F
            +---------+---------+-------+---------+---------+-------
      Total |      36 |       0 |   0.0 |      14 |       0 |   0.0
            +---------+---------+-------+---------+---------+-------
        D:1 |      10 |       0 |   0.0 |       6 |       0 |   0.0
        D:2 |      26 |       0 |   0.0 |       8 |       0 |   0.0
            +---------+---------+-------+---------+---------+-------
